 Dungeon Crawl Stone Soup version 0.28.0-49-g6dfe1f597d (webtiles) character file.

Game seed: 9863508432143806146

4 kommiami the Ducker (level 1, -1/22 HPs)
             Began as a Troll Fighter on May 18, 2022.
             Slain by a ball python (2 damage)
             ... on level 1 of the Dungeon.
             The game lasted 00:01:02 (115 turns).

kommiami the Ducker (Troll Fighter)                  Turns: 115, Time: 00:01:02

Health: -1/22      AC:  4    Str: 23    XL:     1   Next: 50%
Magic:  0/0        EV:  8    Int:  4    God:
Gold:   0          SH:  7    Dex:  9    Spells: 0/0 levels left

rFire   . . .      SeeInvis .     - Unarmed
rCold   . . .      Faith    .   b - +0 kite shield
rNeg    . . .      Spirit   .   a - +0 robe
rPois   .          Reflect  .   (helmet restricted)
rElec   .          Harm     .   (no cloak)
rCorr   .          Rampage  .   (gloves unavailable)
Will    .....                   (boots unavailable)
Stlth   +.........              (no amulet)
HPRegen 0.87/turn               (no ring)
MPRegen 0.07/turn               (no ring)

@: no status effects
A: large, unfitting armour, claws 3, regeneration 1, shaggy fur 1, tough skin 1
a: no special abilities


You were on level 1 of the Dungeon.
You visited 1 branch of the dungeon, and saw 1 of its levels.

Inventory:

Armour
 a - a +0 robe (worn)
 b - a +0 kite shield (worn)
Potions
 c - a potion of might


   Skills:
 + Level 2.5 Fighting
 + Level 2.5 Dodging
 + Level 2.4 Shields
 + Level 2.0 Unarmed Combat


You couldn't memorise any spells.
You didn't know any spells.
Your spell library was empty.

Dungeon Overview and Level Annotations

Branches:
Dungeon (1/15)

Altars:


Innate Abilities, Weirdness & Mutations

You are too large for most types of armour.
You have claws for hands.
Your natural rate of healing is unusually fast.
You are covered in fur. (AC +1)
You have tough skin. (AC +1)


Message History

You block the ball python's attack. You block the jackal's attack.
The jackal barely misses you. The giant cockroach bites you.
You block the jackal's attack. The ball python closely misses you.
The jackal bites you. You block the jackal's attack.
The jackal bites you but does no damage.
The giant cockroach bites you but does no damage.
You block the ball python's attack. The jackal closely misses you. x2
The jackal bites you but does no damage.
The giant cockroach barely misses you. The jackal barely misses you.
The ball python bites you.
The jackal bites you but does no damage.
The jackal closely misses you. You block the giant cockroach's attack.
You block the jackal's attack.
The jackal bites you but does no damage. x2
The ball python bites you. You block the giant cockroach's attack.
The jackal closely misses you.
The jackal bites you but does no damage.
The jackal barely misses you. You block the ball python's attack.
You block the giant cockroach's attack.
The jackal bites you but does no damage. x2
You block the jackal's attack.
The ball python bites you but does no damage.
The jackal bites you. x2
* * * LOW HITPOINT WARNING * * *
You block the giant cockroach's attack. The jackal barely misses you.
The ball python bites you but does no damage.
The jackal barely misses you.
The jackal bites you but does no damage.
You block the jackal's attack. The giant cockroach closely misses you.
The ball python bites you but does no damage.
The jackal closely misses you. The jackal bites you.
* * * LOW HITPOINT WARNING * * *
The jackal bites you.
* * * LOW HITPOINT WARNING * * *
The giant cockroach closely misses you. The jackal bites you.
* * * LOW HITPOINT WARNING * * *
The ball python bites you.
You die...

## ..# ####.# .....#
#######..############
#...#...............#
#.#.#...............#
.#.#.#.........Sh....#
.#.#.#.........B@....#
........?†.....hh....#
...............#######
.....#...#.#.#.#
..#.##..##.#.#.#
...........#....
..#.##.#........#
#.#....+........
#.#..###....


You could see 3 jackals, a giant cockroach and a ball python.

Vanquished Creatures
  An endoplasm (D:1)
  A jackal (D:1)
  A frilled lizard (D:1)
  A rat (D:1)
4 creatures vanquished.

Notes
Turn   | Place    | Note
-------+----------+-------------------------------------------
     0 | D:1      | kommiami the Troll Fighter began the quest for the Orb.
     0 | D:1      | Reached XP level 1. HP: 22/22 MP: 0/0
   115 | D:1      | HP: 1/22 [jackal (3)]
   115 | D:1      | Slain by a ball python

Illustrated notes

Levels and vault maps discovered:
D:1:      co_arrival_random_square_maze, layout_basic

Action                   || total
-------------------------++-------
Melee: Unarmed           ||     8
Armor: Robe              ||    51
Dodge: Dodged            ||    54
Block: Kite shield       ||    37
